[Event "XII Cracow ICC-A 2024"]
[Site "Krakow"]
[Date "2024.06.23"]
[Round "3.1"]
[White "Nurgaliyev, Sauat"]
[Black "Fier, Alexandr"]
[Result "0-1"]
[ECO "B90"]
[WhiteElo "2321"]
[BlackElo "2602"]
[Annotator "TA"]
[PlyCount "116"]
[EventDate "2024.06.20"]
[EventType "swiss"]
[EventCountry "POL"]
[SourceTitle "playchess.com"]
[Source "ChessBase"]
[SourceQuality "1"]
[TimeControl "40/5400+30:1800+30"]

1. e4 c5 2. Nf3 d6 3. d4 cxd4 4. Nxd4 Nf6 5. Nc3 a6 6. Bd3 g6 7. f3 e5 8. Nb3 Be6 9. Be3 Nbd7 10. Qd2 Qc7 11. g4 b5 12. g5 Nh5 13. a4 b4 14. Nd5 Bxd5 15. exd5 Nf4 16. Bxf4 exf4 17. Qxf4 Bg7 18. Qe4+ Kf8 19. O-O-O (19. Qxb4 $2 $19) 19... Nc5 20. Nxc5 (20. Qxb4 Nxb3+ 21. Qxb3 Rb8 $17) 20... Qxc5 21. Rhe1 (21. Rde1 $1 $16) 21... Kg8 (21... h6 $11 {keeps the balance.}) 22. h4 $16 a5 (22... Qd4 $16 23. Qxd4 Bxd4) 23. h5 $1 $18 gxh5 24. Bb5 Qf2 25. Qf5 (25. f4 $18) 25... Rf8 $16 26. Re2 (26. Kb1 $16 {Threatens to win with Re7.} b3 27. Re2 (27. cxb3 $2 Qxb2#) 27... bxc2+ 28. Rxc2) 26... Qg3 $11 27. f4 h6 $1 28. Re7 Qg4 29. Bd7 Qxf5 (29... hxg5 {simplifies} 30. fxg5 Qxf5 31. Bxf5 h4) 30. Bxf5 hxg5 31. fxg5 h4 32. Bh3 Be5 33. Rf1 Kg7 34. Ra7 Rh5 (34... Kg6 $5) 35. Rf5 (35. Rxa5 $11 b3 36. Rb5) 35... Kg6 $15 36. Rxa5 Rxg5 (36... Bd4 $1 $15 37. Rb5 Bc5 38. Rf6+ Kxg5) 37. Rxg5+ $11 Kxg5 38. Rb5 f5 39. Rxb4 f4 40. a5 f3 $1 41. a6 $2 (41. Kd2 $11 {and White stays safe.}) 41... f2 $19 42. Bf1 h3 $1 ({Not} 42... Bf4+ 43. Kb1 $11) 43. Bxh3 {[%emt 0:05:51] [#]} Rh8 $1 44. Bf1 Rh1 45. Kd2 Rxf1 46. Ke2 Ra1 47. Kxf2 Rxa6 48. Ke3 {[%emt 0:00:00] [#]} Kf5 ({Black should play} 48... Ra1 $1 49. c3 Kf5) 49. Kd3 (49. Rb8 $17) 49... Ra1 $19 50. Rb5 Rd1+ 51. Ke3 Rh1 52. c4 $2 (52. c3 $19) 52... Rh3+ 53. Kd2 Bd4 (53... Rh2+ $142 54. Ke3 Rxb2 (54... Bxb2 55. c5 $15) 55. Kd3 Bh8 56. Ra5 Rb3+ 57. Ke2 Rc3 58. Ra8 Be5 59. c5 Rxc5 60. Ke3 Rxd5 61. Rf8+ Bf6 62. Rf7 Rc5 63. Rf8 d5 64. Ke2 d4 65. Rf7 Rc2+ 66. Kf3 Rh2 67. Rb7 d3 68. Rb1 Rh3+ 69. Kg2 Re3 70. Rf1+ Ke4 71. Rxf6 d2 72. Kf2 d1=Q (72... d1=B 73. Re6+ Kd5 74. Rxe3 $11) 73. Re6+ Kf4 74. Rf6+ Kg5 75. Kxe3 Kxf6 76. Kf2 Kf5 77. Ke3 Ke5 78. Kf2 Kf4 79. Kg2 Qe2+ 80. Kg1 Kg3 81. Kh1 Qh2#) 54. Rb8 Ke4 55. Re8+ Be5 56. Rc8 (56. Ke2 $19) 56... Rh2+ 57. Ke1 Kd3 58. c5 Bd4 ({Weaker is} 58... Bxb2 59. cxd6 Bd4 60. Rf8 Rh1+ 61. Rf1 $17) 0-1

[Event "XII Cracow ICC-A 2024"]
[Site "Krakow"]
[Date "2024.06.23"]
[Round "3.2"]
[White "Gumularz, Szymon"]
[Black "Licznerski, Lukasz"]
[Result "1-0"]
[ECO "A29"]
[WhiteElo "2593"]
[BlackElo "2434"]
[Annotator "TA"]
[PlyCount "65"]
[EventDate "2024.06.20"]
[EventType "swiss"]
[EventCountry "POL"]
[SourceTitle "playchess.com"]
[Source "ChessBase"]
[SourceQuality "1"]
[TimeControl "40/5400+30:1800+30"]

1. c4 e5 2. g3 Nf6 3. Bg2 d5 4. cxd5 Nxd5 5. Nf3 Nc6 6. O-O Nb6 7. Nc3 Be7 8. b3 O-O 9. Bb2 Re8 10. Rc1 Bf8 11. Ne4 Nd4 (11... f6 $11 {keeps the balance.}) 12. Nxd4 $1 $16 exd4 13. e3 {[%emt 0:00:13] White is better.} dxe3 14. fxe3 {[%emt 0:00:30] Qh5 is the strong threat.} (14. dxe3 c6 $14) 14... f5 {[%emt 0:05:10] [#]} 15. Nc5 c6 16. b4 {[%emt 0:00:53][%cal Bb3b4,Bb4c5][%mdl 32] White is more active.} Bxc5 17. bxc5 (17. Rxc5 Be6 $16) 17... Nd5 18. Qb3 Re7 {[%emt 0:00:29] [#]} (18... h5 $16 19. Rc4 Qe7) 19. g4 $1 $18 Be6 20. gxf5 Bf7 21. Qc2 Nf6 22. e4 {[%emt 0:02:20] Repels Bd5} Qc7 23. Bxf6 gxf6 24. Qc3 Qe5 (24... Rf8 $142 25. Rf3 (25. Qxf6 Bc4 $16) 25... Be8) 25. d4 Qc7 26. Qd2 Rd8 $2 (26... Rd7 {might work better.} 27. Qh6 Qd8) 27. Rc3 {[%emt 0:03:15] Rg3+ would now be deadly.} Be8 28. Qh6 Rf7 $2 (28... Rxd4 29. Qxf6 Rdd7 30. Rg3+ Rg7) 29. Rg3+ Kh8 30. Rf4 Qe7 31. Rfg4 Qf8 {[%emt 0:01:59] [#] Repels Rg8+} 32. e5 $1 {[%emt 0:00:36][%cal Oe5e6] White wants to mate with e6!} fxe5 (32... Bd7 33. Rg8+) 33. Rg8+ $2 {[%emt 0:00:04][%mdl 32768] Weighted Error Value: White=0.07 (flawless) /Black=0.71.  Mistake:       	---       	Black=5      Inaccurate:     	---       	Black=1      OK:         	White=8     	Black=7      Best:        	White=3     	---        Strong:       	White=1     	---        Brilliant:      	White=1     	---       . Loss on time!?} (33. Qe6 {mates} h6 34. Qxe5+ (34. dxe5 $2 {too greedy.} Qxc5+ 35. Kh1 Rd1+ $19) 34... Kh7 35. Be4 Rf6 36. Rg8 Qxg8 37. Rxg8 (37. Qxf6 Bf7 $18) 37... Kxg8 38. Qxf6) 1-0

[Event "XII Cracow ICC-A 2024"]
[Site "Krakow"]
[Date "2024.06.23"]
[Round "3.3"]
[White "Rozentalis, Eduardas"]
[Black "Suder, Jakub"]
[Result "1-0"]
[ECO "C06"]
[WhiteElo "2476"]
[BlackElo "2328"]
[Annotator "TA"]
[PlyCount "85"]
[EventDate "2024.06.20"]
[EventType "swiss"]
[EventCountry "POL"]
[SourceTitle "playchess.com"]
[Source "ChessBase"]
[SourceQuality "1"]
[TimeControl "40/5400+30:1800+30"]

1. e4 e6 2. d4 d5 3. Nd2 Nf6 4. e5 Nfd7 5. Bd3 c5 6. c3 Nc6 7. Ne2 cxd4 8. cxd4 f6 9. exf6 Nxf6 10. Nf3 Bd6 11. Bf4 Bxf4 12. Nxf4 O-O 13. O-O Ne4 14. Qc1 Ng5 15. Nxg5 Qxg5 {[%emt 0:00:07] [#]} 16. Bxh7+ $1 Kxh7 17. Nxe6 Qf5 18. Nxf8+ Qxf8 {[%emt 0:00:05] The position is equal.} 19. Qg5 Qf5 20. Qxf5+ Bxf5 21. Rfe1 Kg8 (21... Nxd4 $6 22. Rad1 Nc2 23. Re5 $16) 22. Rad1 a5 23. f3 Kf7 24. g4 Bh7 25. Rd2 a4 26. a3 Na5 27. Rde2 Nc6 {[%emt 0:00:10] Against Re7+} 28. Kf2 Ra6 29. h4 Rb6 30. Rd2 Na5 {[%emt 0:01:14] [#]} (30... g6 $1 $14) 31. Kg3 $1 $16 Rd6 32. Rde2 Rd7 {[%emt 0:02:08] Against Re7+} 33. h5 {[%emt 0:02:09] aiming for Re8.} Nb3 (33... Nc6 $16 {was worth a try.}) 34. g5 $18 {[%emt 0:01:22] g6+ is the strong threat.} Nxd4 35. g6+ Bxg6 36. hxg6+ Kxg6 {[%emt 0:00:07][%mdl 4096] Endgame. KRR-KRN} 37. Re8 Rf7 38. f4 Rc7 39. Kg4 Nb3 (39... Rc2 {was called for.} 40. Rf8 Kh6 41. Rh1+ Kg6 42. f5+ Nxf5 43. Rxf5 Rg2+ 44. Kh3 Rxb2) 40. Rf8 {[%emt 0:02:33] f5+ would kill now.} Rc4 41. Re5 Rd4 42. Rg5+ Kh7 43. Kf5 {Weighted Error Value: White=0.05 (flawless) /Black=0.49.  Mistake:       	---       	Black=3      Inaccurate:     	White=3     	Black=5      OK:         	White=12    	Black=7      Best:        	White=3     	Black=3      Strong:       	White=1     	---} (43. Rf7 $142 Rc4 44. Rgxg7+ (44. Rxb7 Kh6 $18) (44. Rfxg7+ Kh8 45. Kh5 Rc8 46. Kh6 Rc6+ 47. R5g6 Rxg6+ 48. Kxg6 Nc5 49. Rc7 Ne6 50. Rc8+ Nf8+ 51. Rxf8#) 44... Kh6 45. Rh7+ (45. Rxb7 Nc5 $18) 45... Kg6 46. Rfg7+ (46. Rxb7 Rc1 $18) 46... Kf6 47. Rxb7 Kg6 48. Rhd7) 1-0

[Event "XII Cracow ICC-A 2024"]
[Site "Krakow"]
[Date "2024.06.23"]
[Round "3.4"]
[White "Samunenkov, Ihor"]
[Black "Karolczuk, Iwo"]
[Result "1/2-1/2"]
[ECO "E00"]
[WhiteElo "2532"]
[BlackElo "2293"]
[Annotator "TA"]
[PlyCount "109"]
[EventDate "2024.06.20"]
[EventType "swiss"]
[EventCountry "POL"]
[SourceTitle "playchess.com"]
[Source "ChessBase"]
[SourceQuality "1"]
[TimeControl "40/5400+30:1800+30"]

1. d4 Nf6 2. c4 e6 3. g3 d5 4. Nf3 Bb4+ 5. Bd2 Be7 6. Bg2 O-O 7. O-O Nbd7 8. Qc2 c6 9. Bf4 b6 10. cxd5 cxd5 11. Rc1 Bb7 12. Bc7 Qe8 13. Qb3 Nb8 14. a4 Na6 15. Bf4 {[%emt 0:18:02] White is slightly better.} Ne4 16. Nc3 Nd6 17. Nb5 Nc4 18. Ne5 Nxe5 19. Bxe5 Qd7 {[%emt 0:09:31] Prevents Nd6.} 20. Nc7 {[%emt 0:12:42] [#] aiming for Qb5.} Rac8 21. Qb5 $36 {[%emt 0:00:14][%mdl 2048] White is pushing.} Qxb5 (21... Nb8 $11) 22. Nxb5 $16 Rxc1+ 23. Rxc1 Rc8 24. Rxc8+ Bxc8 25. Nxa7 {[%emt 0:00:11] White is more active.} Bd7 {[%emt 0:00:04] [#]} 26. b3 $1 f6 27. Bf4 g5 28. Bc1 Bd6 29. e3 Bb8 30. Nb5 Bxb5 31. axb5 {[%emt 0:00:05][%mdl 4096] Endgame. KBB-KBN} Nc7 32. Bf1 Ne8 33. g4 Kg7 34. Bd3 h5 35. h3 hxg4 36. hxg4 Nd6 37. Ba3 Kf7 38. Kg2 f5 39. gxf5 Nxf5 40. Kf3 Bd6 41. Bb2 Nh6 42. Kg2 Nf5 43. Kh3 Nh6 44. Be2 Kf6 45. Bc3 e5 46. Bh5 ({White should try} 46. dxe5+ $16 Bxe5 47. Bd2) 46... Nf5 47. Be8 (47. Bf3 $16) 47... exd4 $11 {[%emt 0:01:00] The position is equal.} 48. exd4 Bf4 $1 49. Kg4 Nd6 50. Bc6 Ne4 51. Be1 Ke6 52. b4 Nf6+ 53. Kf3 Kd6 54. Ke2 Ke6 55. f3 {[%emt 0:01:00] Weighted Error Value: White=0.08 (flawless) /Black=0.08 (flawless) .  Mistake:       	White=2     	Black=1      Inaccurate:     	---       	Black=4      OK:         	White=19    	Black=23     Best:        	---       	Black=2      Strong:       	White=1     	Black=1} 1/2-1/2

[Event "XII Cracow ICC-A 2024"]
[Site "Krakow"]
[Date "2024.06.23"]
[Round "3.5"]
[White "Apoorv Kamble"]
[Black "Moussard, Jules"]
[Result "1/2-1/2"]
[ECO "B54"]
[WhiteElo "2369"]
[BlackElo "2610"]
[Annotator "TA"]
[PlyCount "101"]
[EventDate "2024.06.20"]
[EventType "swiss"]
[EventCountry "POL"]
[SourceTitle "playchess.com"]
[Source "ChessBase"]
[SourceQuality "1"]
[TimeControl "40/5400+30:1800+30"]

1. e4 c5 2. Nf3 d6 3. d4 cxd4 4. Nxd4 Nf6 5. f3 e5 6. Nb3 Be7 7. c4 a5 8. Nc3 Nc6 9. Be3 Be6 10. Be2 {[%emt 0:03:36] White has an edge.} O-O 11. O-O Nh5 12. Nd5 Nf4 13. Bxf4 exf4 14. Nxe7+ Qxe7 15. Qd2 Qf6 16. Rfd1 Rfd8 17. Nd4 Qe5 18. Rac1 Nxd4 19. Qxd4 Qc5 20. Rc2 Kf8 21. Rcd2 {[%emt 0:03:12] [#] And now Qxc5 would win.} Qxd4+ 22. Rxd4 Ke7 23. a4 Rac8 24. Kf2 Rc6 25. b3 Rg8 26. g3 g5 27. g4 ({White should play} 27. Rh1 $14) 27... h5 28. h3 $1 (28. gxh5 Rh8 $15) 28... Rh8 29. Bf1 Rb6 30. R1d3 Rc8 31. Be2 Rcc6 32. Bd1 f6 33. Kg2 Rc8 34. Kg1 (34. gxh5 Rh8 35. Rc3 Rc6 $17 (35... Rxh5 36. c5 $15)) 34... Kd7 35. Kf2 Kc7 36. Kg1 Rc6 37. Kf2 (37. gxh5 Rh8 (37... Bxh3 38. Rd5 $15) 38. Be2 Bxh3 $17 (38... Rxh5 39. Bf1 $15)) 37... Rd8 38. Ke1 ({Reject} 38. gxh5 Rh8 39. Be2 (39. h4 gxh4 40. Kg1 Rxh5 $19) 39... Bxh3 $17 (39... Rxh5 $2 40. Bf1 $19)) 38... hxg4 39. hxg4 Rh8 40. Kd2 Rh3 41. Kc3 Kd7 42. Kb2 Ke7 43. Rd2 Rb6 44. Ka3 Rh2 $2 {[%emt 0:00:00][%mdl 8192] [#]} 45. Ka2 $2 (45. Rxh2 $18 Ra6 46. Rh7+ Bf7 47. Rd5) 45... Rc6 $2 46. Ka3 $2 ({White must play} 46. Rxh2 $18 Bg8 47. Kb2) 46... Kd7 $2 47. Kb2 $2 ({Only move:} 47. Rxh2 $18 Rc8 48. Rh6) 47... Kc7 $2 48. R4d3 $2 (48. Rxh2 $18 Kd8 49. Rh8+ Ke7 50. Rh7+ Bf7 51. Rd5) 48... Rh3 {[%emt 0:00:00] The position is equal.} 49. Ka2 Rb6 50. Kb2 Rc6 (50... Bxc4 $2 {is the wrong capture.} 51. Rc3 $18) 51. Ka2 {[%emt 0:00:00] Weighted Error Value: White=0.49/Black=0.07 (flawless) .  Loses game:     	---       	Black=4      Missed win:     	White=1     	---        Mistake:       	White=1     	---        Inaccurate:     	White=1     	Black=2      OK:         	White=14    	Black=8      Best:        	---       	Black=1      Strong:       	White=1     	---} 1/2-1/2

[Event "XII Cracow ICC-A 2024"]
[Site "Krakow"]
[Date "2024.06.23"]
[Round "3.6"]
[White "Kelires, Andreas"]
[Black "Czernek, Tymon"]
[Result "1/2-1/2"]
[ECO "B90"]
[WhiteElo "2515"]
[BlackElo "2316"]
[Annotator "TA"]
[PlyCount "88"]
[EventDate "2024.06.20"]
[EventType "swiss"]
[EventCountry "POL"]
[SourceTitle "playchess.com"]
[Source "ChessBase"]
[SourceQuality "1"]
[TimeControl "40/5400+30:1800+30"]

1. e4 c5 2. Nf3 d6 3. d4 cxd4 4. Nxd4 Nf6 5. Nc3 a6 6. Bd3 e5 7. Nde2 Be7 8. O-O O-O 9. Kh1 {[%emt 0:00:16] B90: Sicilian Najdorf: Unusual White 6th moves, 6 Be3 Ng4 and 6 Be3 e5.} b5 10. Ng3 b4 11. Nd5 Nxd5 12. exd5 f5 13. a3 bxa3 $146 ({Predecessor:} 13... f4 14. Ne4 Bb7 15. axb4 Bxd5 16. Nc3 Bb7 17. Bc4+ Kh8 18. Bd5 Nc6 19. Be4 Bg5 {1-0 Bezgodov,A (2431)-Gavrilov,M (2176) Cheliabinsk Panchenko Memorial op-A 2022 (3)}) 14. Rxa3 g6 15. c4 Nd7 16. f4 Bf6 17. Ne2 Rb8 18. b3 Re8 19. Bd2 Bg7 20. Bc2 Nf6 21. b4 Ng4 ({Better is} 21... Qc7 $14) 22. Ba4 Rf8 23. Be1 (23. h3 $16 Qh4 24. Qe1 Qxe1 25. Bxe1) 23... Qe7 (23... g5 $11 {remains equal.}) 24. h3 $16 Nh6 {[%emt 0:03:05] [#]} 25. fxe5 $1 Bxe5 (25... Qxe5 $16 26. Nf4 Nf7) 26. Nd4 $18 Bb7 27. Ne6 f4 (27... Rf7 $16 {was worth a try.} 28. Bc3 f4) 28. Bc2 (28. Nxf8 $18 Qxf8 29. Bd2) 28... Rf7 $16 29. c5 ({White should play} 29. Bc3) 29... Nf5 $16 {[%emt 0:01:22] [#]} 30. Bf2 $1 ({Weaker is} 30. Nxf4 Rbf8 (30... dxc5 $2 31. Raf3 $19) 31. c6 (31. Ne6 $2 Ng3+ 32. Bxg3 Rxf1+ 33. Kh2 Rxd1 $19) 31... Bc8 $15) (30. Bxf5 Rxf5 31. Qb3 dxc5 $14) 30... Bc8 31. Bxf5 (31. Qe1 $16) 31... Rxf5 $11 32. Nd4 Bxd4 $1 33. Qxd4 Qf7 $1 34. cxd6 Rxd5 35. Qc3 Bb7 36. Bc5 Rg5 37. Rf2 f3 38. g4 ({Reject} 38. gxf3 Qf5 39. Qd3 Qxh3+ 40. Rh2 Qg3 $17) 38... Re8 39. Qc1 Rge5 40. Kh2 Re1 41. Qg5 R8e5 42. Qd8+ Re8 43. Qg5 R8e5 44. Qd8+ Re8 1/2-1/2

[Event "XII Cracow ICC-A 2024"]
[Site "Krakow"]
[Date "2024.06.23"]
[Round "3.7"]
[White "Chojnacki, Krzysztof"]
[Black "Vetoshko, Volodymyr"]
[Result "0-1"]
[ECO "D37"]
[WhiteElo "2311"]
[BlackElo "2505"]
[Annotator "TA"]
[PlyCount "102"]
[EventDate "2024.06.20"]
[EventType "swiss"]
[EventCountry "POL"]
[SourceTitle "playchess.com"]
[Source "ChessBase"]
[SourceQuality "1"]
[TimeControl "40/5400+30:1800+30"]

1. d4 Nf6 2. c4 e6 3. Nf3 d5 4. Nc3 Nbd7 5. Bf4 Bb4 6. cxd5 exd5 7. e3 Ne4 8. Qb3 c5 9. a3 Bxc3+ {[%emt 0:14:07] Black is slightly better.} 10. bxc3 O-O 11. Rc1 (11. Qc2 $11) 11... Qb6 (11... c4 $15 12. Qb5 Nb6) 12. Qa2 cxd4 13. exd4 Re8 14. Be2 Qa5 15. Qb3 Nb6 16. Be3 (16. O-O $11) 16... Bf5 $36 {[%emt 0:06:38][%mdl 2048] Black is more active.} 17. Qb4 (17. O-O $15) 17... Qxb4 $17 18. cxb4 Rac8 19. O-O Nc3 {[%emt 0:01:36] A dynamic duo of knights.} 20. Bd1 {[%emt 0:01:33] White is weak on the light squares} Nxd1 21. Rfxd1 Nc4 22. Nh4 Bg4 {[%emt 0:04:18] Black is more active.} 23. Rd3 Nxe3 24. Rxc8 Rxc8 ({Don't do} 24... Bxc8 25. fxe3 Be6 26. Rc3 $15) 25. fxe3 $19 {[%emt 0:00:08][%mdl 4096] Endgame. KRB-KRN} Rc1+ 26. Kf2 Rc2+ 27. Kg3 Be2 28. Rb3 Bc4 29. Rb1 Rc3 ({Better is} 29... g6 $19 30. a4 Re2) 30. Kf2 (30. Nf5 $17 {was worth a try.}) 30... Rxa3 31. Rb2 Bd3 {[%emt 0:03:33] Inhibits Nf5.} 32. Nf3 f6 33. Nd2 Kf7 34. Nb3 (34. g4 $142) 34... b6 35. Nc1 Bc4 36. Ne2 g5 37. h4 Ke6 38. hxg5 fxg5 39. Ng1 $2 (39. Ng3) 39... Ra2 40. Rxa2 Bxa2 {[%emt 0:00:02] KB-KN} 41. Nf3 h6 42. g4 Bc4 43. Ke1 a5 44. bxa5 bxa5 {[%emt 0:00:00] [#] ...a4 would now be deadly.} 45. Ne5 Bb5 46. Kd2 Be8 (46... a4 $142 47. Nf3 a3) 47. Kd3 (47. Nd3 $142) 47... a4 {[%emt 0:01:44] White must now prevent ...h5.} 48. Kc3 h5 {[%emt 0:00:12] [#] Strongly threatening ...hxg4.} 49. gxh5 Bxh5 {[%emt 0:00:01] ( -> ...Kf5)} 50. Nd3 Kf5 51. Nf2 Bf3 {[%emt 0:01:38] Weighted Error Value: White=0.90/Black=0.20 (precise) .  Mistake:       	White=6     	Black=2      Inaccurate:     	White=7     	Black=1      OK:         	White=9     	Black=19     Best:        	White=3     	Black=2} 0-1

[Event "XII Cracow ICC-A 2024"]
[Site "Krakow"]
[Date "2024.06.23"]
[Round "3.8"]
[White "Janeczko, Jakub"]
[Black "Kosakowski, Jakub"]
[Result "0-1"]
[ECO "B20"]
[WhiteElo "2293"]
[BlackElo "2480"]
[Annotator "RC"]
[PlyCount "60"]
[EventDate "2024.06.20"]
[EventType "swiss"]
[EventCountry "POL"]
[SourceTitle "playchess.com"]
[Source "ChessBase"]
[SourceQuality "1"]
[TimeControl "40/5400+30:1800+30"]

1. e4 c5 2. d3 Nc6 3. g3 g6 4. Bg2 Bg7 5. f4 b5 6. Nf3 Rb8 7. Nc3 d6 8. O-O b4 9. Ne2 Nf6 10. h3 a5 11. g4 Ba6 12. Be3 Nd7 13. Rb1 a4 14. b3 O-O 15. f5 Nde5 16. Qd2 axb3 17. axb3 Bb5 18. Bh6 Ra8 19. Bxg7 Kxg7 20. g5 Ra2 21. f6+ exf6 22. gxf6+ Kh8 23. Ng5 Bxd3 24. Nxh7 Kxh7 25. Rf4 g5 26. Rf5 Rg8 27. Nc1 Rxc2 28. Qd1 Rxg2+ 29. Kxg2 Bxe4+ 30. Kh2 Qf8 0-1

[Event "XII Cracow ICC-A 2024"]
[Site "Krakow"]
[Date "2024.06.23"]
[Round "3.9"]
[White "Fus, Jakub"]
[Black "Lohia, Sohum"]
[Result "1/2-1/2"]
[ECO "A15"]
[WhiteElo "2455"]
[BlackElo "2270"]
[Annotator "TA"]
[PlyCount "89"]
[EventDate "2024.06.20"]
[EventType "swiss"]
[EventCountry "POL"]
[SourceTitle "playchess.com"]
[Source "ChessBase"]
[SourceQuality "1"]
[TimeControl "40/5400+30:1800+30"]

1. c4 Nf6 2. Nf3 e6 3. Nc3 d5 4. e3 b6 5. b3 Bb7 6. Bb2 Nbd7 7. Rc1 a6 8. cxd5 exd5 9. Be2 Bd6 10. O-O O-O 11. Re1 Re8 12. Bf1 Ne5 13. Nxe5 Bxe5 14. d4 Bd6 15. Rc2 Qd7 16. Bd3 Ne4 17. Qc1 Nxc3 18. Rxc3 Qe7 19. Rc2 g6 20. Qd2 Qd7 21. Rec1 Rec8 22. a4 a5 23. Bb5 c6 24. Be2 Bb4 25. Qd1 Bf8 26. Bg4 f5 27. Bf3 Re8 28. Ra1 Re6 29. g3 Bb4 30. Ba3 Bxa3 31. Rxa3 Qd6 32. Ra1 Bc8 33. Qd2 Bd7 34. Rb1 (34. Rb2 $14) 34... Qb4 35. Rc3 Kg7 36. Qd3 Qe7 (36... Rf6 $15 {deserves consideration.}) 37. Rbc1 (37. h4 $11) 37... Rf6 ({Better is} 37... h5 $15) 38. Bg2 {[%emt 0:02:25] The position is equal.} h6 39. Re1 Re6 40. Rec1 Rf6 41. Qd2 Qb4 42. Qc2 Re8 43. Qd2 Ra8 44. Ra1 Re8 45. Rac1 {[%emt 0:08:29] Weighted Error Value: White=0.09 (flawless) /Black=0.09 (flawless) .  Mistake:       	White=2     	Black=2      Inaccurate:     	White=3     	Black=2      OK:         	White=13    	Black=11     Best:        	---       	Black=1} 1/2-1/2

[Event "XII Cracow ICC-A 2024"]
[Site "Krakow"]
[Date "2024.06.23"]
[Round "3.10"]
[White "Damen, Jip"]
[Black "Mirzoev, Azer"]
[Result "0-1"]
[ECO "C47"]
[WhiteElo "2259"]
[BlackElo "2448"]
[Annotator "TA"]
[PlyCount "153"]
[EventDate "2024.06.20"]
[EventType "swiss"]
[EventCountry "POL"]
[SourceTitle "playchess.com"]
[Source "ChessBase"]
[SourceQuality "1"]
[TimeControl "40/5400+30:1800+30"]

1. e4 e5 2. Nf3 Nc6 3. Nc3 Nf6 4. h3 Be7 5. d4 d6 6. dxe5 dxe5 7. Qxd8+ Bxd8 8. Be3 {[%emt 0:01:03] Wards off Nd4. White is slightly better.} a6 9. O-O-O O-O 10. g4 Re8 11. Bg2 h6 12. Ne1 Ne7 13. f4 exf4 14. Bxf4 Ng6 15. Bg3 c6 16. Nd3 Nh7 17. Rhe1 Bh4 18. Bxh4 Nxh4 19. Bf1 Ng5 20. Nc5 Nhf3 21. Re3 b6 22. Nb3 (22. Nd3 $11) 22... Ne5 $15 23. Rd6 f6 24. Rd1 Ngf7 25. Nd4 b5 26. Nf5 Be6 27. b3 Rad8 28. Rxd8 Rxd8 29. Ne2 Re8 30. Nf4 g6 {[%emt 0:01:17] Repels Nh5} 31. Nd4 Bd7 32. Nd3 Kg7 33. Nc5 Bc8 34. a4 Nd8 35. a5 Kf7 36. b4 Ke7 37. Re2 Rh8 (37... Nb7 $5) 38. Rg2 Ndf7 39. Be2 Nd6 40. h4 Nb7 41. Ndb3 Nxc5 42. Nxc5 Nd7 43. Nb3 Bb7 44. Rg3 Ne5 45. Nc5 Bc8 46. Rg1 Re8 47. Rd1 Rd8 (47... Bxg4 48. Bxg4 Nxg4 49. Rd7+ (49. Nxa6 h5 $14) 49... Kf8 50. Nxa6 $16) 48. Rg1 Rd4 49. c3 Rd8 50. Rg3 Re8 51. Kd2 Nd7 52. Nb3 Kd6 53. Bd3 g5 54. hxg5 hxg5 55. Rf3 Rf8 56. Rg3 ({White should try} 56. Be2 $11) 56... c5 {[%emt 0:00:00] aiming for ...c4.} 57. Be2 cxb4 58. cxb4 Ne5 {[%emt 0:00:00] Prevents Rd3+.} 59. Nd4 ({White should play} 59. Nc5 $15) 59... Rh8 $17 60. Nf3 (60. Rg1 $142) 60... Nc6 {[%emt 0:00:00] Black is more active.} ({Worse is} 60... Bxg4 61. Nxe5 Kxe5 62. Rxg4 $18 (62. Bxg4 Kxe4 63. Bd7 Kd4 $18)) (60... Nxg4 $6 61. Nxg5 fxg5 62. Bxg4 $11) 61. e5+ Nxe5 ({But not} 61... fxe5 62. Nxg5 Rf8 (62... Nxb4 $2 {is the wrong capture.} 63. Nf7+ Kd5 64. Nxh8 $18) 63. Rf3 Rxf3 64. Bxf3 $15) 62. Nxe5 Kxe5 {[%emt 0:00:00][%mdl 4096] Endgame. KRB-KRB} 63. Re3+ Kd6 64. Rd3+ Ke7 65. Rc3 Rd8+ 66. Ke3 Bb7 $1 {[%emt 0:00:08] Prevents Rc6} 67. Bd3 {[%emt 0:02:54] [#]} ({Better is} 67. Rc7+ Rd7 68. Rc2) 67... Rc8 $1 68. Rxc8 $4 {[%emt 0:02:08][%mdl 8192] Loses the game.} (68. Rb3 $17) 68... Bxc8 {[%emt 0:00:04] KB-KB} 69. Be2 f5 70. gxf5 Bxf5 71. Bf3 Bc8 72. Kd4 Kd6 {[%emt 0:00:04] ( -> ...g4)} 73. Ba8 Kc7 {[%emt 0:02:51] Black mates.} 74. Be4 {[%emt 0:00:45] [#]} g4 $1 75. Bd3 Bb7 76. Ke3 g3 77. Kd4 {Weighted Error Value: White=0.12 (very precise) /Black=0.09 (flawless) .  Loses game:     	White=1     	---        Mistake:       	White=5     	---        Inaccurate:     	White=5     	Black=4      OK:         	White=23    	Black=14     Best:        	White=3     	Black=2      Strong:       	---       	Black=2} 0-1